AoeStats
← brunol1901

Arena

508307027Analyzed
4v4 RM · 11d ago on Sep 21, 2026· 35m 50s· 8 players
Game mode
Random Map
Map size
Large (8 player)
Population
200
Speed
Normal
Resources
Standard
Victory
Conquest
Starting age
Dark Age
Ending age
Imperial Age
RankedLock teamsTeams togetherTeam positionsShared explorationLock speedFull tech treeHidden civsTurbo modeCheats
Victory
Defeat
🇦🇷 Spanish · Argentina
1535
+13
🇧🇷 Malay · Brazil
1530
+13
🇨🇱 Franks · Chile
1518
+14
🇹🇷 Chinese · Türkiye
1508
+14
🇻🇳 Ethiopians · Vietnam
1507
-15
🇲🇽 Tatars · Mexico
1457
-13
🇹🇷 Inca · Türkiye
1455
-13
🇫🇷 Lithuanians · France
1452
-13
imenek
0:29 Loom
10:50 Feudal Age
14:50 Castle Age
12:40 Double-Bit Axe
13:08 Horse Collar
16:17 Bow Saw
16:07 Heavy Plow
20:39 Fletching
20:49 Padded Archer Armor
20:44 Stone Mining
21:51 Wheelbarrow
28:36 Imperial Age
26:02 Fletching
26:30 Padded Archer Armor
26:50 Bodkin Arrow
28:07 Leather Archer Armor
28:17 Ballistics
28:33 Gold Mining
29:18 Bracer
30:45 Hand Cart
30:40 Town Watch
32:43 Chemistry
32:49 Ring Archer Armor
32:55 Conscription
33:21 Elite Chu Ko Nu
brunol1901
11:10 Feudal Age
14:28 Castle Age
12:35 Horse Collar
13:11 Double-Bit Axe
15:15 Bow Saw
19:29 Heavy Plow
22:26 Wheelbarrow
26:15 Imperial Age
23:56 Gold Mining
24:15 Fletching
24:25 Padded Archer Armor
24:22 Loom
24:35 Crossbowman
25:34 Bodkin Arrow
25:31 Arbalester
26:56 Bracer
27:53 Hand Cart
28:49 Chemistry
28:24 Leather Archer Armor
30:03 Forging
30:23 Ring Archer Armor
29:16 Pikeman
29:56 Squires
29:41 Arson
30:05 Halberdier
31:23 Iron Casting
32:31 Thumb Ring
34:53 Blast Furnace
34:22 Town Watch
34:29 Stone Mining
35:21 Conscription
36:38 Crop Rotation
36:33 Siege Engineers
(GDL)Ultthor
11:14 Feudal Age
12:10 Double-Bit Axe
14:37 Castle Age
12:44 Horse Collar
15:45 Bow Saw
16:41 Heavy Plow
22:35 Wheelbarrow
23:16 Gold Mining
25:01 Hand Cart
27:36 Imperial Age
26:03 Scale Barding Armor
26:08 Town Watch
26:08 Loom
26:40 Forging
27:20 Bloodlines
27:32 Chain Barding Armor
28:14 Husbandry
27:37 Cavalier
28:54 Iron Casting
29:50 Plate Barding Armor
29:08 Paladin
30:45 Coinage
32:32 Banking
33:55 Blast Furnace
Kerjo
10:04 Feudal Age
13:38 Castle Age
11:54 Double-Bit Axe
16:00 Bow Saw
27:54 Loom
34:27 Wheelbarrow
robecha18
7:10 Loom
7:32 Loom
10:01 Feudal Age
10:45 Double-Bit Axe
15:16 Castle Age
15:14 Horse Collar
19:06 Wheelbarrow
22:37 Bow Saw
23:24 Hand Cart
23:15 Gold Mining
26:01 Stone Mining
26:26 Heavy Plow
28:05 Gold Shaft Mining
31:23 Imperial Age
30:12 Ballistics
29:44 Fletching
29:55 Padded Archer Armor
30:41 Bodkin Arrow
30:55 Elite Skirmisher
31:57 Leather Archer Armor
32:23 Bracer
32:46 Conscription
32:15 Heavy Cavalry Archer
34:10 Chemistry
32:35 Heavy Camel Rider
33:53 Bloodlines
33:44 Husbandry
34:10 Scale Barding Armor
34:15 Forging
34:36 Ring Archer Armor
35:55 Chain Barding Armor
36:52 Iron Casting
Svodoo
10:41 Feudal Age
15:30 Castle Age
13:57 Double-Bit Axe
13:53 Horse Collar
16:49 Bow Saw
21:13 Fervor
23:24 Wheelbarrow
22:36 Loom
24:40 Husbandry
25:14 Bloodlines
26:02 Scale Barding Armor
26:37 Forging
30:15 Hand Cart
32:32 Imperial Age
30:01 Gold Mining
31:41 Chain Barding Armor
30:56 Light Cavalry
31:55 Heavy Plow
32:35 Cavalier
34:02 Plate Barding Armor
34:03 Iron Casting
34:20 Paladin
thanh7531
9:49 Feudal Age
14:56 Castle Age
13:10 Double-Bit Axe
13:29 Scale Mail Armor
15:07 Man-at-Arms
20:14 Long Swordsman
21:59 Forging
23:28 Wheelbarrow
25:15 Loom
25:16 Town Watch
29:59 Elite Skirmisher
31:55 Hand Cart
32:18 Fletching
32:28 Padded Archer Armor
37:06 Imperial Age
Kaii
10:19 Feudal Age
14:02 Castle Age
12:19 Double-Bit Axe
12:40 Horse Collar
13:27 Town Watch
15:14 Bow Saw
20:22 Loom
21:02 Fletching
22:03 Heavy Plow
22:58 Bodkin Arrow
26:47 Imperial Age
25:24 Wheelbarrow
25:41 Scale Mail Armor
26:23 Forging
26:30 Squires
26:16 Arson
26:59 Champi Runner
27:54 Gold Mining
27:59 Champi Warrior
29:22 Gold Shaft Mining
30:02 Elite Champi Warrior
31:36 Fabric Shields
32:34 Iron Casting
32:15 Chain Mail Armor
35:30 Blast Furnace
35:00 Plate Mail Armor
Connection lost

Rejoining the realm…

Still unreachable

The connection could not be restored.

Session expired

The server has moved on; the page needs a fresh start.